 Dungeon Crawl Stone Soup version bcrawl-1.37.1 (webtiles) character file.

Game seed: 17345785437066341080

264155 diana the Basher (level 8, -7/73 HPs)
             Began as a Sand Dwarf Gladiator on Oct 16, 2022.
             Mangled by a two-headed ogre
             ... wielding a +0 giant club
              (19 damage)
             ... on level 6 of the Dungeon.
             The game lasted 00:09:19 (5076 turns).

diana the Basher (Sand Dwarf Gladiator)             Turns: 5076, Time: 00:09:20

Health: -7/73      AC: 17    Str: 20    XL:     8   Next: 94%
Magic:  8/8        EV: 16    Int: 10    God:
Gold:   217        SH:  0    Dex: 12    Spells: 7/7 levels left

rFire    . . .     GDR:     29% a - +0 flail
rCold    . . .     SeeInvis .   (shield restricted)
rNeg     . . .     Gourm    .   y - +2 chain mail {rPois}
rPois    +         Faith    .   c - +0 helmet
rElec    .         Spirit   .   (no cloak)
rCorr    .         Reflect  .   (no gloves)
MR       +....                  (no boots)
Stlth    ..........             (no amulet)
HPRegen  0.22/turn              p - +4 ring of protection
MPRegen  0.11/turn              q - +4 ring of evasion

@: slow
A: small, slowness 1, armour attunement
a: no special abilities


You were on level 6 of the Dungeon.
You were near starving.

You visited 1 branch of the dungeon, and saw 6 of its levels.

You collected 332 gold pieces.
You spent 115 gold pieces at shops.

Inventory:

Hand Weapons
 a - a +0 flail (weapon)
 C - a +2 whip of electrocution
Missiles
 d - 3 throwing nets {=f}
Armour
 c - a +0 helmet (worn)
 g - a cursed +0 chain mail
 y - a +2 chain mail of poison resistance (worn)
 z - the +0 crystal plate armour of the Blue Moon {Stlth+}
   (You found it on level 4 of the Dungeon)

   It makes you more stealthy.
 E - the +2 pair of boots "Beagotz" {*Slow MP+9 Str+2 Slay+3, unknown}
   (You found it on level 6 of the Dungeon)

   It affects your strength (+2).
   It affects your accuracy and damage with ranged weapons and melee attacks
   (+3).
   It affects your magic capacity (+9).
   It may slow you when you take damage.
Jewellery
 p - a +4 ring of protection (left hand)
 q - a +4 ring of evasion (right hand)
Wands
 b - a wand of clouds (7)
Scrolls
 h - 2 scrolls of enchant armour {unknown}
 i - 5 scrolls of identify
 l - a scroll of noise {unknown}
 m - 2 scrolls of magic mapping
 n - 2 scrolls of teleportation
 o - a scroll of amnesia {unknown}
 s - 2 scrolls of enchant weapon {unknown}
 t - a scroll of immolation {unknown}
 v - a scroll of fear {unknown}
 x - 4 scrolls of remove curse
Potions
 f - 2 potions of heal wounds
 j - a potion of brilliance {unknown}
 k - a potion of ambrosia {unknown}
 r - a potion of curing {unknown}
 u - 2 potions of flight {unknown}
 w - a potion of agility {unknown}
 A - a potion of magic {unknown}
 B - a potion of degeneration {unknown}
 D - a potion of haste {unknown}
Comestibles
 e - 5 rations {!d}


   Skills:
 + Level 7.4 Fighting
 + Level 9.0 Maces & Flails
 - Level 2.0 Throwing
 + Level 6.3 Armour
 + Level 5.1 Dodging


You had 7 spell levels left.
You didn't know any spells.
Your spell library was empty.

Dungeon Overview and Level Annotations

Branches:
Dungeon (6/12)             Temple (0/1) D:6

Altars:
Dithmenos
Gozag
Hepliaklqana
Makhleb
Okawaru
Qazlal
Vehumet

Shops:
D:4 ?


Innate Abilities, Weirdness & Mutations

You are small and have problems with some larger weapons.
You cover ground slowly.
Armour does not affect your spellcasting.


Message History

The two-headed ogre is heavily wounded.
The two-headed ogre barely misses you.
The two-headed ogre hits you but does no damage.
The orc priest calls down the wrath of Beogh upon you.
Beogh smites you!
You sock the two-headed ogre!
The two-headed ogre is severely wounded.
The two-headed ogre barely misses you. The two-headed ogre closely misses you.
You hit the two-headed ogre.
The two-headed ogre is severely wounded.
You sock the two-headed ogre!
The two-headed ogre is almost dead.
The two-headed ogre misses you. x2
You are near starving!
You hit the two-headed ogre but do no damage.
The two-headed ogre is almost dead.
The two-headed ogre hits you with a +0 giant club!
* * * LOW HITPOINT WARNING * * *
The two-headed ogre hits you with a +0 giant spiked club!!
You die...

*,**,,,**..#*,* *,***
*,,.....,..#***************
***.....*..# *,*,*,*∩*,,,,*
**.....##.# *+*+*+*+****,*
****,......#.# *,+,,,+,* *,*
,,,,,......#.# ***,,,******,*
****,......#.###,+,,,+,**,,,*
**,..O.#...S###+#+*+**,***
**S...#.##oO@..#,*,**,*
*#.#.#.########*****,*
#.#.#O# **,******,* #
##.#.#.#####.,>,,,,,,* #
#..o..........******** #
###......#####.#* #
#........## *,*
####..#...<..#***,*
....[...##.#....,,*


You could see a two-headed ogre, an adder and an orc priest.

Vanquished Creatures
  Duvessa (D:5)
  A sky beast (D:4)
  An ice beast (D:6)
  An orc warrior (D:4)
  A phantom (D:3)
  A necrophage (D:4)
  An ogre (D:4)
  Dowan (D:5)
  A scorpion (D:5)
  2 orc priests
  2 howler monkeys (D:4)
  2 crimson imps (D:4)
  A jelly (D:5)
  2 bullfrog skeletons (D:5)
  7 orc wizards
  Terence (D:3)
  An iguana (D:5)
  3 worker ants
  A hound zombie (D:5)
  A worker ant zombie (D:5)
  2 adders
  4 gnolls (D:2)
  2 oozes
  An adder skeleton (D:5)
  7 worms
  3 dart slugs
  3 leopard geckos
  18 orcs
  A ball python (D:2)
  8 bats
  2 giant cockroaches
  6 goblins
  11 hobgoblins
  14 jackals
  4 quokkas
  4 frilled lizards
  A jackal skeleton (D:5)
  7 kobolds
  An orc zombie (D:6)
  A quokka skeleton (D:4)
  A quokka zombie (D:5)
  6 rats
139 creatures vanquished.

Notes
Turn   | Place    | Note
-------+----------+-------------------------------------------
     0 | D:1      | diana the Sand Dwarf Gladiator began the quest for the Orb.
     0 | D:1      | Reached XP level 1. HP: 19/19 MP: 1/1
    29 | D:1      | Reached XP level 2. HP: 23/27 MP: 2/2
    99 | D:1      | Reached skill level 1 in Armour
   330 | D:1      | Reached XP level 3. HP: 33/33 MP: 3/3
   602 | D:1      | Reached skill level 5 in Maces & Flails
  1057 | D:2      | Reached XP level 4. HP: 38/40 MP: 4/4
  1371 | D:2      | Found a shadowy altar of Dithmenos.
  1386 | D:2      | Found a burning altar of Makhleb.
  1579 | D:2      | Found a faded altar of an unknown god.
  1622 | D:2      | Found a stormy altar of Qazlal.
  1758 | D:3      | Reached XP level 5. HP: 47/47 MP: 5/5
  1863 | D:3      | Found an opulent altar of Gozag.
  2077 | D:3      | Reached skill level 6 in Maces & Flails
  2135 | D:3      | Noticed a phantom
  2172 | D:3      | Killed a phantom
  2173 | D:3      | Reached skill level 5 in Fighting
  2173 | D:3      | Reached XP level 6. HP: 37/56 MP: 6/6
  2561 | D:3      | Found a radiant altar of Vehumet.
  2565 | D:3      | Found a hazy altar of Hepliaklqana.
  2895 | D:3      | Noticed Terence
  2902 | D:3      | Killed Terence
  3004 | D:4      | Noticed a sky beast
  3086 | D:4      | Found Paqunne's Magic Scroll Boutique.
  3096 | D:4      | Bought a scroll of teleportation for 30 gold pieces
  3096 | D:4      | Bought a scroll of magic mapping for 35 gold pieces
  3096 | D:4      | Bought a scroll of identify for 20 gold pieces
  3096 | D:4      | Bought a scroll of remove curse for 30 gold pieces
  3124 | D:4      | Got a transparent crystal plate armour
  3135 | D:4      | Identified the +0 crystal plate armour of the Blue Moon
                  | {Stlth+} (You found it on level 4 of the Dungeon)
  3262 | D:4      | Killed a sky beast
  3263 | D:4      | Reached XP level 7. HP: 61/61 MP: 7/7
  3301 | D:4      | Reached skill level 7 in Maces & Flails
  3928 | D:5      | Entered Level 5 of the Dungeon
  3952 | D:4      | Reached skill level 5 in Armour
  3952 | D:4      | Reached XP level 8. HP: 52/70 MP: 8/8
  4110 | D:5      | Reached skill level 8 in Maces & Flails
  4412 | D:5      | Found an iron altar of Okawaru.
  4525 | D:5      | Noticed Duvessa
  4525 | D:5      | Noticed Dowan
  4535 | D:5      | Killed Duvessa
  4549 | D:5      | Killed Dowan
  4862 | D:6      | Noticed a two-headed ogre
  4922 | D:6      | Reached skill level 5 in Dodging
  4968 | D:6      | Got a pair of steaming boots
  4986 | D:6      | Found a shadowy altar of Dithmenos.
  5035 | D:6      | Reached skill level 9 in Maces & Flails
  5076 | D:6      | Mangled by a two-headed ogre

Skill      XL: |  1  2  3  4  5  6  7  8 |
---------------+-------------------------+-----
Armour         | 1 2 3 4 5 6 |  6.3
Fighting       | 4 5 6 7 |  7.4
Maces & Flails | 5 6 7 9 |  9.0
Dodging        | 3 4 5 |  5.1
Throwing       | |  2.0

Action                   |  1- 3 |  4- 6 |  7- 9 || total
-------------------------+-------+-------+-------++-------
Melee: Flail             |    96 |   219 |   249 ||   564
  Use: Potion            |       |       |     2 ||     2
       Scroll            |       |       |     1 ||     1
  Eat: Chunk             |     4 |    13 |     8 ||    25
       Ration            |       |       |     1 ||     1
Armor: Leather armour    |     1 |       |       ||     1
       Chain mail        |    37 |    92 |    88 ||   217
Dodge: Dodged            |    52 |   194 |   177 ||   423
